 Dungeon Crawl Stone Soup version 0.22.0-16-gc6d26f6 (webtiles) character file.

82448 Loudmushroom the Severer (level 15, -2/136 HPs)
             Began as a Minotaur Fighter on Aug 17, 2018.
             Was the Champion of Okawaru.
             Slain by Asterion
             ... wielding a +0 demon whip of freezing
              (6 damage)
             ... on level 1 of the Spider Nest.
             The game lasted 03:33:48 (36001 turns).

Loudmushroom the Severer (Minotaur Fighter)        Turns: 36001, Time: 03:33:49

Health: -2/136     AC: 18    Str: 39      XL:     15   Next: 29%
Magic:  0/30       EV: 10    Int: 12 (13) God:    Okawaru [******]
Gold:   1225       SH: 15    Dex: 14      Spells: 14/14 levels left

rFire    . . .     SeeInvis +   a - +10 broad axe of Tenacity {speed, rC+ MR+ Str+4}
rCold    . . .     Gourm    .   c - +0 shield
rNeg     . . .     Faith    .   x - +2 ring mail {MR+}
rPois    +         Spirit   +   L - +2 hat
rElec    .         Reflect  .   Y - scarf {cloud immunity}
rCorr    .         Harm     .   C - +2 pair of gloves of the Meadowlark {rPois rF- MP+9 Str+7}
MR       ++++.                  h - +1 pair of boots {run}
Stlth    +.........             S - amulet of guardian spirit
HPRegen  0.32/turn              z - ring of Ruutay Viaji {rF+ rC- MR+ Int+8 SInv}
MPRegen  0.22/turn              X - +5 ring of strength

@: quick
A: retaliatory headbutt, horns 2
a: Heroism, Finesse, Renounce Religion


You were on level 1 of the Spider Nest.
You worshipped Okawaru.
Okawaru was exalted by your worship.
You were not hungry.

You visited 6 branches of the dungeon, and saw 23 of its levels.

You collected 2466 gold pieces.
You spent 1241 gold pieces at shops.

Inventory:

Hand Weapons
 a - the +10 broad axe of Tenacity (weapon) {speed, rC+ MR+ Str+4}
   (You acquired it on level 4 of the Lair of Beasts)

   Attacks with this weapon are significantly faster.
   It affects your strength (+4).
   It protects you from cold.
   It affects your resistance to hostile enchantments.
 b - the +6 hand crossbow of Bloody Death {elec, rPois Int+7 Dex+4}
   (You bought it in a shop on level 1 of the Orcish Mines)

   It charges the ammunition it shoots with electricity; occasionally upon a
   hit, such missiles may discharge and cause terrible harm.
   It affects your intelligence (+7).
   It affects your dexterity (+4).
   It protects you from poison.
 m - a +0 battleaxe of flaming
 W - a +2 scimitar of flaming
Missiles
 v - 19 tomahawks of returning (quivered)
 J - 147 bolts
 M - 40 tomahawks
Armour
 c - a +0 shield (worn)
 g - a +3 ring mail of poison resistance
 h - a +1 pair of boots of running (worn)
 x - a +2 ring mail of magic resistance (worn)
 A - a +0 plate armour
 C - the +2 pair of gloves of the Meadowlark (worn) {rPois rF- MP+9 Str+7}
   (You found it on level 12 of the Dungeon)

   It affects your strength (+7).
   It makes you vulnerable to fire.
   It protects you from poison.
   It affects your magic capacity (+9).
 L - a +2 hat (worn)
 Y - a scarf of cloud immunity (worn)
Jewellery
 z - the ring of Ruutay Viaji (left hand) {rF+ rC- MR+ Int+8 SInv}
   (You found it on level 6 of the Lair of Beasts)

   [ring of protection from magic]

   It affects your intelligence (+8).
   It protects you from fire.
   It makes you vulnerable to cold.
   It affects your resistance to hostile enchantments.
   It lets you see invisible.
 K - an uncursed ring of fire
 S - an amulet of guardian spirit (around neck)
 V - an uncursed ring of flight
 X - a +5 ring of strength (right hand)
 Z - an uncursed ring of protection from cold
Wands
 i - a wand of enslavement (7)
 p - a wand of polymorph (7)
 I - a wand of flame (100)
 P - a wand of acid (17)
 Q - a wand of digging (21)
 T - a wand of iceblast (7)
 U - a wand of paralysis (35)
Scrolls
 e - 2 scrolls of blinking
 n - 4 scrolls of immolation
 r - 7 scrolls of magic mapping
 u - 11 scrolls of teleportation
 y - 5 scrolls of remove curse
 D - 4 scrolls of fear
 F - 4 scrolls of fog
Potions
 d - 6 potions of might
 j - 3 potions of curing
 k - a potion of berserk rage {unknown}
 l - 5 potions of resistance
 o - 6 potions of lignification
 q - 3 potions of brilliance {unknown}
 s - 5 potions of mutation
 t - 6 potions of agility
 w - 8 potions of heal wounds
 E - a potion of flight {unknown}
 H - a potion of ambrosia {unknown}
 N - a potion of haste
 O - 5 potions of invisibility {unknown}
 R - 2 potions of cancellation {unknown}
Comestibles
 f - 27 rations


   Skills:
 + Level 13.2 Fighting
 * Level 17.3 Axes
 + Level 13.2 Armour
 + Level 13.2 Shields
 + Level 9.6 Invocations
 + Level 8.8 Evocations


You had 14 spell levels left.
You didn't know any spells.
Your spell library contained the following spells:

 Spells                   Type           Power        Failure   Level  Hunger
 Apportation              Tloc           #.....       45%         1    ##.....
 Bolt of Magma            Conj/Fire/Erth #.........   100%        5    ######.
 Confuse                  Hex            #.......     83%         3    ####...
 Invisibility             Hex            #.......     100%        6    #######
 Throw Frost              Conj/Ice       #.....       58%         2    ###....
 Venom Bolt               Conj/Pois      #.........   100%        5    ######.
 Summon Small Mammal      Summ           #...         45%         1    ##.....
 Animate Dead             Necr           N/A          99%         4    #####..
 Pain                     Necr           #...         45%         1    ##.....
 Animate Skeleton         Necr           N/A          45%         1    ##.....
 Vampiric Draining        Necr           #.........   83%         3    ####...
 Freeze                   Ice            #...         45%         1    ##.....
 Summon Ice Beast         Ice/Summ       #.......     99%         4    #####..
 Ozocubu's Armour         Chrm/Ice       #.......     83%         3    ####...
 Regeneration             Chrm/Necr      #.........   83%         3    ####...
 Tukima's Dance           Hex            #.......     83%         3    ####...
 Iron Shot                Conj/Erth      #.........   100%        6    #######
 Throw Icicle             Conj/Ice       #.......     99%         4    #####..
 Confusing Touch          Hex            #.....       45%         1    ##.....
 Metabolic Englaciation   Hex/Ice        #.........   100%        5    ######.
 Summon Butterflies       Summ           #.......     45%         1    ##.....
 Alistair's Intoxication  Tmut/Pois      #.......     100%        5    ######.
 Petrify                  Tmut/Erth      #.......     99%         4    #####..
 Orb of Destruction       Conj           #.........   100%        7    #######
 Iskenderun's Battlesphe  Conj/Chrm      #.......     100%        5    ######.
 Spellforged Servitor     Conj/Summ      #.........   100%        7    #######
 Gell's Gravitas          Tloc           #.........   83%         3    ####...
 Yara's Violent Unravell  Hex/Tmut       #.........   100%        5    ######.
 Lesser Beckoning         Tloc           #.........   83%         3    ####...


Dungeon Overview and Level Annotations

Branches:
Dungeon (12/15)            Temple (1/1) D:6            Lair (6/6) D:11
 Shoals (0/4) Lair:4       Spider (1/4) Lair:4        Slime (0/5) Lair:5
    Orc (2/2) D:12            Elf (0/3) Orc:2          Hell (1/1)
    Dis: Hell:1         Geh: Hell:1         Coc: Hell:1         Tar: Hell:1

Altars:
Ashenzari
Dithmenos
Elyvilon
Fedhas
Gozag
Hepliaklqana
Kikubaaqudgha
Makhleb
Nemelex Xobeh
Okawaru
Ru
Trog
Vehumet
Wu Jian
Xom
Yredelemnul
The Shining One
Beogh
Jiyva

Shops:
Orc:1 !*=*   Orc:2 :}%!

Portals:
Hell: Lair:6

Annotations:
D:9 1 runed door, exclusion: 2 oklob saplings
D:12 2 transporters
Lair:4 exclusion: oklob plant
Spider:1 Asterion
Hell Geryon


Innate Abilities, Weirdness & Mutations

You reflexively headbutt those who attack you in melee.
You have a pair of horns on your head.


Message History

The wolf spider completely misses you. The wolf spider closely misses you.
The redback closely misses you.
The tarantella bites you but does no damage.
The jumping spider leaps!
Asterion hits you with a demon whip of freezing!
* * * LOW HITPOINT WARNING * * *
Asterion freezes you.
* * * LOW HITPOINT WARNING * * *
Asterion gores you!
* * * LOW HITPOINT WARNING * * *
You feel better. You block the wolf spider's attack. x2
The redback bites you but does no damage.
The tarantella closely misses you. The wolf spider hits you!
* * * LOW HITPOINT WARNING * * *
The wolf spider bites you but does no damage.
The jumping spider leaps!
The wolf spider hits you!
* * * LOW HITPOINT WARNING * * *
The wolf spider bites you but does no damage.
Asterion hits you with a demon whip of freezing!
You die...

# ..#..#####
....2sH@s#
.....ssss.#
.....sss.....
...$...........
......ยง........
#.#..........#.
# #.....#...##
......##.##


You could see Asterion, a green death, 2 wolf spiders, 3 tarantellas and 4
redbacks.

Vanquished Creatures
  2 orc warlords
  A stone giant (Orc:1)
  A reaper (Lair:6)
  A dire elephant (Lair:6)
  Fannar (Lair:2)
  A catoblepas (Lair:6)
  8 hydras
  Erica (D:9)
  8 two-headed ogres
  A queen ant (Lair:3)
  3 death yaks
  4 orc high priests (Orc:2)
  A lindwurm (Lair:4)
  An unseen horror (D:12)
  9 orc knights
  A wizard (Lair:6)
  Pikel (D:7)
  3 orc sorcerers (Orc:2)
  A wolf spider (Lair:4)
  2 ugly things
  2 cyclopes (D:11)
  5 elephants
  A smoke demon (Lair:6)
  3 black mambas
  A gargoyle (D:12)
  10 spiny frogs
  2 torpor snails
  2 orange demons (Lair:6)
  3 ice devils (Lair:6)
  A rime drake (Lair:6)
  2 komodo dragons
  A merfolk (D:9)
  5 hornets
  A queen bee (Lair:2)
  A slime creature (D:10)
  6 trolls
  13 blink frogs
  3 dream sheep (Lair:5)
  14 hippogriffs
  13 spriggans
  2 redbacks
  A tarantella (Spider:1)
  Sigmund (D:4)
  A shadow (D:12)
  5 basilisks
  34 yaks
  3 wyverns
  4 vampire mosquitoes
  A hungry ghost (D:8)
  Menkaure (D:5)
  7 wargs
  12 water moccasins
  17 soldier ants
  4 hell hounds (Lair:6)
  12 porcupines
  33 orc warriors
  4 sky beasts
  2 black bears
  2 hornet zombies (D:9)
  3 phantoms (D:12)
  13 ogres
  3 boggarts
  A necrophage (D:10)
  2 ice beasts
  9 centaurs
  37 wolves
  13 crocodiles
  Blork the orc (D:5)
  A water moccasin zombie (D:11)
  19 bullfrogs
  A wyvern zombie (D:11)
  A water moccasin skeleton (D:7)
  10 scorpions
  2 troll zombies (D:12)
  24 killer bees (Lair:2)
  A wight (D:11)
  7 howler monkeys
  An electric eel (Lair:4)
  2 centaur zombies
  3 crimson imps
  A bullfrog zombie (D:10)
  6 hounds
  36 orc priests
  12 jellies
  16 orc wizards
  2 centaur skeletons
  4 bullfrog skeletons
  3 iguanas
  3 hell rats (Lair:2)
  36 worker ants
  6 ogre zombies (D:12)
  A hound skeleton (D:7)
  A worker ant zombie (D:5)
  22 adders
  3 shadow imps
  10 oozes
  An adder skeleton (D:10)
  2 worms
  A dart slug (D:1)
  9 leopard geckos
  102 orcs
  9 bats
  8 giant cockroaches
  5 hobgoblins
  11 jackals
  7 kobolds
  4 quokkas
  9 ball pythons
  7 frilled lizards
  A giant cockroach zombie (D:6)
  10 goblins
  2 goblin skeletons (D:12)
  6 goblin zombies (D:12)
  2 hobgoblin zombies (D:12)
  A jackal skeleton (D:6)
  A jackal zombie (D:5)
  An orc skeleton (D:12)
  14 orc zombies (D:12)
  A quokka zombie (D:6)
  6 rats
  3 bushes (Lair:6)
  9 fungi
  11 plants
845 creatures vanquished.

Vanquished Creatures (others)
  A human (D:5)
  A centaur (D:7)
  3 crimson imps (D:7)
  An orc priest (Orc:2)
  A hound zombie (D:7)
  A leopard gecko (D:6)
  A leopard gecko zombie (D:7)
  A bush (Lair:6)
  66 fungi
  22 plants
98 creatures vanquished.

Grand Total: 943 creatures vanquished

Notes
Turn   | Place    | Note
-------+----------+-------------------------------------------
     0 | D:1      | Loudmushroom the Minotaur Fighter began the quest for the Orb.
     0 | D:1      | Reached XP level 1. HP: 19/19 MP: 0/0
    75 | D:1      | Reached XP level 2. HP: 26/27 MP: 1/1
   328 | D:1      | Reached skill level 3 in Axes
   933 | D:2      | Found a shattered altar of Ashenzari.
   939 | D:2      | Reached XP level 3. HP: 33/33 MP: 2/2
  1614 | D:2      | Found a sacrificial altar of Ru.
  1832 | D:3      | Reached XP level 4. HP: 40/40 MP: 3/3
  1893 | D:3      | Noticed an ice beast
  1907 | D:3      | Killed an ice beast
  1907 | D:3      | Reached skill level 4 in Axes
  1907 | D:3      | Reached XP level 5. HP: 37/47 MP: 4/4
  2754 | D:3      | Reached skill level 5 in Axes
  3114 | D:4      | Reached XP level 6. HP: 53/55 MP: 5/5
  3263 | D:4      | Reached skill level 5 in Armour
  3332 | D:4      | Reached skill level 5 in Shields
  3457 | D:4      | Reached skill level 5 in Fighting
  3791 | D:4      | Reached skill level 6 in Axes
  3801 | D:4      | Reached XP level 7. HP: 55/61 MP: 6/6
  3801 | D:4      | Noticed Sigmund
  3828 | D:4      | Killed Sigmund
  4194 | D:4      | Found a glowing golden altar of the Shining One.
  4219 | D:5      | Entered Level 5 of the Dungeon
  4221 | D:5      | Noticed a two-headed ogre
  4232 | D:5      | Killed a two-headed ogre
  4232 | D:5      | Reached skill level 8 in Axes
  4232 | D:5      | Reached XP level 8. HP: 52/71 MP: 7/7
  4306 | D:5      | Noticed Menkaure
  4312 | D:5      | Killed Menkaure
  4856 | D:5      | Noticed Blork the orc
  4867 | D:5      | Killed Blork the orc
  5001 | D:5      | Reached skill level 9 in Axes
  5456 | D:5      | Reached XP level 9. HP: 77/79 MP: 8/8
  5521 | D:5      | Found an ancient bone altar of Kikubaaqudgha.
  5908 | D:6      | Found a bloodstained altar of Trog.
  6025 | D:6      | Found a staircase to the Ecumenical Temple.
  6183 | Temple   | Entered the Ecumenical Temple
  6195 | Temple   | Became a worshipper of Warmaster Okawaru
  6270 | D:6      | Reached skill level 1 in Evocations
  6693 | D:6      | Found a radiant altar of Vehumet.
  7076 | D:7      | Reached skill level 10 in Axes
  7077 | D:7      | Noticed Pikel
  7082 | D:7      | Killed Pikel
  7082 | D:7      | Reached * piety under Okawaru
  7082 | D:7      | Reached skill level 1 in Invocations
  7342 | D:7      | Found a basalt altar of Yredelemnul.
  7488 | D:7      | Found a white marble altar of Elyvilon.
  8396 | D:8      | Reached XP level 10. HP: 85/88 MP: 10/10
  8759 | D:8      | Reached ** piety under Okawaru
  9131 | D:8      | Found a shimmering altar of Xom.
  9131 | D:8      | Found a shimmering altar of Xom.
  9132 | D:8      | Found a shimmering altar of Xom.
  9132 | D:8      | Found a shimmering altar of Xom.
  9133 | D:8      | Found a shimmering altar of Xom.
  9134 | D:8      | Found a shimmering altar of Xom.
  9242 | D:9      | Noticed a two-headed ogre
  9251 | D:9      | Killed a two-headed ogre
  9251 | D:9      | Reached skill level 11 in Axes
  9735 | D:9      | Noticed Erica
  9747 | D:9      | Killed Erica
  9747 | D:9      | Reached *** piety under Okawaru
 10214 | D:9      | Found a blossoming altar of Fedhas.
 11046 | D:9      | Reached XP level 11. HP: 91/97 MP: 13/13
 11083 | D:9      | Found a runed door.
 11083 | D:9      | Noticed a fire giant
 11083 | D:9      | Noticed a deep elf knight
 11083 | D:9      | Noticed a seven-headed hydra
 11085 | D:9      | Noticed an ogre mage
 11085 | D:9      | Noticed a centaur warrior
 11467 | D:10     | Entered Level 10 of the Dungeon
 11496 | D:9      | Reached skill level 12 in Axes
 11688 | D:9      | Reached **** piety under Okawaru
 12912 | D:11     | Noticed a two-headed ogre
 12918 | D:11     | Killed a two-headed ogre
 12918 | D:11     | Reached ***** piety under Okawaru
 12918 | D:11     | Reached skill level 5 in Invocations
 13200 | D:11     | Reached skill level 10 in Armour
 13356 | D:11     | Reached skill level 10 in Shields
 13360 | D:11     | Noticed a two-headed ogre
 13368 | D:11     | Killed a two-headed ogre
 13368 | D:11     | Reached skill level 10 in Fighting
 13368 | D:11     | Reached skill level 13 in Axes
 13378 | D:11     | Reached skill level 5 in Evocations
 13388 | D:11     | Found a staircase to the Lair.
 13659 | D:11     | Noticed a white ugly thing
 13669 | D:11     | Killed a white ugly thing
 13669 | D:11     | Received a gift from Okawaru
 13808 | D:11     | Noticed a two-headed ogre
 13818 | D:11     | Killed a two-headed ogre
 13818 | D:11     | Reached XP level 12. HP: 82/106 MP: 13/15
 14625 | Lair:1   | Entered Level 1 of the Lair of Beasts
 15137 | Lair:1   | Noticed a six-headed hydra
 15145 | Lair:1   | Killed a four-headed hydra
 16402 | Lair:2   | Noticed Fannar
 16423 | Lair:2   | Killed Fannar
 16821 | Lair:1   | Reached skill level 14 in Axes
 18016 | Lair:2   | Received a gift from Okawaru
 19410 | Lair:3   | Noticed a queen ant
 19481 | Lair:3   | Killed a queen ant
 19481 | Lair:3   | Reached XP level 13. HP: 75/116 MP: 17/17
 21744 | Lair:3   | Reached skill level 15 in Axes
 22575 | Lair:3   | Received a gift from Okawaru
 22749 | Lair:3   | Got a translucent plate armour {god gift}
 22760 | Lair:3   | Identified the +0 plate armour of Jumy {Str-5 Dex+3} (Okawaru gifted it to you on level 3 of the Lair of Beasts)
 23581 | Lair:4   | Found a hole to the Spider Nest.
 23655 | Lair:4   | Identified a scroll of acquirement
 23657 | Lair:4   | Got a fine broad axe
 23682 | Lair:3   | Identified the +10 broad axe of Tenacity {speed, rC+ MR+ Str+4} (You acquired it on level 4 of the Lair of Beasts)
 23728 | Lair:4   | Found a staircase to the Shoals.
 24964 | Lair:5   | Found a staircase to the Slime Pits.
 24965 | Lair:5   | Found a viscous altar of Jiyva.
 25990 | Lair:6   | Entered Level 6 of the Lair of Beasts
 26249 | Lair:6   | Reached XP level 14. HP: 118/126 MP: 15/19
 27069 | Lair:6   | Reached skill level 16 in Axes
 27945 | Lair:6   | Received a gift from Okawaru
 28357 | Lair:6   | Identified a +1 pair of boots of running (Okawaru gifted it to you on level 6 of the Lair of Beasts)
 28447 | Lair:6   | Found a burning altar of Makhleb.
 29066 | Lair:6   | Found a gateway to Hell.
 29074 | Lair:6   | Got a sparkling lapis lazuli ring
 29089 | Lair:6   | Identified the ring of Ruutay Viaji {rF+ rC- MR+ Int+8 SInv} (You found it on level 6 of the Lair of Beasts)
 29248 | Hell     | Entered the Vestibule of Hell
 29248 | Hell     | Noticed Geryon
 29249 | Hell     | Noticed a reaper
 29260 | Hell     | Noticed a reaper
 29271 | Lair:6   | Killed a reaper
 29648 | D:12     | Found a transporter.
 29661 | D:12     | Got a pair of jewelled gloves
 29671 | D:12     | Identified the +2 pair of gloves of the Meadowlark {rPois rF- MP+9 Str+7} (You found it on level 12 of the Dungeon)
 30248 | D:12     | Found a staircase to the Orcish Mines.
 30492 | D:12     | Found a transporter.
 30898 | Orc:1    | Entered Level 1 of the Orcish Mines
 30916 | Orc:1    | Noticed an orc warlord
 30993 | D:12     | Killed an orc warlord
 31397 | Orc:1    | Found Toimpyvi's Distillery.
 31547 | Orc:2    | Entered Level 2 of the Orcish Mines
 31811 | Orc:1    | Found Kaorch's Assorted Antiques.
 31813 | Orc:1    | Found Zanetru's Jewellery Emporium.
 32082 | Orc:1    | Found Kigatoet's General Store.
 32082 | Orc:1    | Noticed a stone giant
 32098 | Orc:1    | Killed a stone giant
 32535 | Orc:2    | Found Namek's Distillery.
 32560 | Orc:2    | Found a roughly hewn altar of Beogh.
 32795 | Orc:2    | Found Ynoeten's Food Shop.
 32805 | Orc:2    | Reached skill level 17 in Axes
 32870 | Orc:2    | Reached XP level 15. HP: 135/135 MP: 21/21
 33176 | Orc:2    | Found a staircase to the Elven Halls.
 33235 | Orc:2    | Reached ****** piety under Okawaru
 33554 | Orc:2    | Noticed an orc warlord
 33632 | Orc:2    | Killed an orc warlord
 33669 | Orc:2    | Found a roughly hewn altar of Beogh.
 34513 | Orc:2    | Found Hiuc's Book Emporium.
 34517 | Orc:2    | Received a gift from Okawaru
 34979 | Orc:2    | Found Fiut Guf's Gadget Shoppe.
 35606 | Orc:1    | Bought the +6 hand crossbow of Bloody Death {elec, rPois Int+7 Dex+4} for 1241 gold pieces
 35817 | Spider:1 | Entered Level 1 of the Spider Nest
 35817 | Spider:1 | Noticed Asterion
 36001 | Spider:1 | HP: 4/136 [wolf spider (10)]
 36001 | Spider:1 | Slain by Asterion

Skill      XL: |  1  2  3  4  5  6  7  8  9 10 11 12 13 14 15 |
---------------+----------------------------------------------+-----
Axes           | 3 4 5 6 8 9 10 11 13 14 15 17 | 17.3
Shields        | 4 5 6 7 8 9 10 11 12 13 | 13.2
Fighting       | 4 5 6 7 8 9 10 11 12 13 | 13.2
Armour         | 4 5 6 7 8 9 10 11 12 13 | 13.2
Evocations     | 2 3 5 6 7 8 |  8.8
Invocations    | 2 4 5 7 8 9 |  9.6

Action                   |  1- 3 |  4- 6 |  7- 9 | 10-12 | 13-15 || total
-------------------------+-------+-------+-------+-------+-------++-------
Melee: War axe           |    92 |   106 |   210 |   704 |   259 ||  1371
       Headbutt          |     3 |    24 |    39 |   165 |   270 ||   501
       Scimitar          |       |       |       |     4 |    97 ||   101
       Broad axe         |       |       |       |       |   639 ||   639
 Fire: Blowgun           |       |     4 |    10 |       |       ||    14
       Hand crossbow     |       |       |       |    16 |     2 ||    18
Invok: Heroism           |       |       |       |    17 |    12 ||    29
       Finesse           |       |       |       |       |     1 ||     1
Evoke: Wand              |       |       |       |       |     3 ||     3
  Use: Potion            |       |       |     1 |       |     1 ||     2
       Scroll            |       |       |    19 |     8 |    10 ||    37
 Stab: Petrified         |       |       |       |       |     4 ||     4
  Eat: Chunk             |     3 |     6 |     9 |    25 |    32 ||    75
       Ration            |       |       |     3 |     3 |     6 ||    12
Armor: Scale mail        |    36 |    36 |    54 |       |       ||   126
       Plate armour      |       |       |    13 |   201 |       ||   214
       Ring mail         |       |       |       |   144 |   288 ||   432
Dodge: Dodged            |    30 |    40 |    51 |   183 |   290 ||   594
Block: Shield            |    56 |    69 |    90 |   411 |   545 ||  1171
       Rpst.: Scimitar   |       |       |       |     1 |     3 ||     4
